 Dungeon Crawl Stone Soup version 0.31.0-11-ge490571c62 (webtiles) character file.

Game seed: 10560196490964365147

104 Gadfly the Ducker (level 4, 0/32 HPs)
             Began as a Merfolk Monk on Jan 27, 2024.
             Slain by an iguana (10 damage)
             ... on level 4 of the Dungeon.
             The game lasted 00:04:53 (2375 turns).

Gadfly the Ducker (Merfolk Monk)                    Turns: 2375, Time: 00:04:54

Health: 0/32       AC:  5    Str: 13    XL:     4   Next: 80%
Magic:  6/6        EV: 14    Int:  9    God:
Gold:   94         SH:  0    Dex: 16    Spells: 3/3 levels left

rFire   . . .        b - +2 spear (venom)
rCold   x . .        (no shield)
rNeg    . . .        a - +1 robe
rPois   .            (no helmet)
rElec   .            (no cloak)
rCorr   .            (no gloves)
SInv    .            (no boots)
Will    .....        h - amulet of regeneration
Stlth   +            f - ring of flight
HPRegen 1.05/turn    (no ring)
MPRegen 0.10/turn

%: no passive effects
@: flying
A: (nimble swimmer 2), mertail, iridescent scales 1, frail 1, high MP 1, cold
vulnerability 1
a: no special abilities


You were on level 4 of the Dungeon.
You visited 1 branch of the dungeon, and saw 4 of its levels.

You collected 94 gold pieces.

Inventory:

Hand Weapons
 b - a +2 spear of venom (weapon)
Armour
 a - a +1 robe (worn)
 c - an orb of light
Jewellery
 f - a ring of flight (left hand)
 h - an amulet of regeneration (around neck)
Talismans
 i - a serpent talisman
Wands
 j - a wand of roots (10)
 m - a wand of mindburst (23) (quivered)
Scrolls
 g - a scroll of enchant armour
 k - a scroll of revelation
Potions
 d - 2 potions of mutation
 e - a potion of haste
 n - a potion of ambrosia


   Skills:
 + Level 3.6 Fighting
 + Level 4.4 Dodging
 * Level 4.0 Unarmed Combat
 * Level 2.0 Invocations
 * Level 1.6 Evocations
 * Level 1.7 Shapeshifting


You had 3 spell levels left.
You didn't know any spells.
Your spell library contained the following spells:

 Spells                   Type           Power      Damage    Failure   Level
 Sandblast                Erth           0%         2d4       38%         1
 Passwall                 Erth           0%         N/A       77%         3
 Stone Arrow              Conj/Erth      0%         3d7       77%         3
 Brom's Barrelling Bould  Conj/Erth      0%         2d3       99%         4


Dungeon Overview and Level Annotations

Branches:
Dungeon (4/15)
 Temple: D:4-7

Altars:

Shops:
D:3 :


Innate Abilities, Weirdness & Mutations

((You are very nimble when in or above water. (Stealth+, EV+, Speed+++)))
Your lower body shifts to a powerful aquatic tail in water.
You are partially covered in iridescent scales. (AC +2)
You are frail. (-10% HP)
You have an increased reservoir of magic. (+10% MP)
You are vulnerable to cold. (rC-)


Message History

The iguana is lightly wounded.
The iguana completely misses you.
You hit the iguana but do no damage.
The iguana is lightly wounded.
The iguana bites you!
You hit the iguana.
The iguana is moderately wounded.
The iguana bites you but does no damage.
You completely miss the iguana.
The iguana is moderately wounded.
The iguana bites you!
You are too injured to fight recklessly!
You are too injured to fight recklessly!
You are too injured to fight recklessly!
You are too injured to fight recklessly!
You are too injured to fight recklessly!
You are too injured to fight recklessly!
You are too injured to fight recklessly!
You are too injured to fight recklessly!
You are too injured to fight recklessly!
You are too injured to fight recklessly!
You are too injured to fight recklessly!
You are too injured to fight recklessly!
You are too injured to fight recklessly!
You are too injured to fight recklessly!
You are too injured to fight recklessly!
You are too injured to fight recklessly!
You are too injured to fight recklessly!
Unknown command.
You barely miss the iguana.
The iguana is moderately wounded.
The iguana closely misses you.
You barely miss the iguana.
The iguana is moderately wounded.
The iguana bites you!
* * * LOW HITPOINT WARNING * * *
The iguana attacks as it pursues you! The iguana misses you.
The iguana attacks as it pursues you! The iguana closely misses you.
The iguana attacks as it pursues you! The iguana bites you!
You die...

#[... ##..#
...##.... ..)?..#
.###.#
.#####../.#
.#...#
..........##
..... #.....#
....
#.##......##..#
#..###..###..#
##.l@####....##.#
##........<....#
#.....##.#.####
#####.##.#.#
.......#
#...##..# #...#
..# #...# ...
#...# ...#


You could see an iguana.

Vanquished Creatures
  4 adders
  A dart slug (D:3)
  4 ribbon worms
  6 bats
  3 endoplasms
  3 giant cockroaches
  3 goblins
  6 hobgoblins
  8 jackals
  3 kobolds
  A quokka (D:1)
  2 ball pythons
  4 frilled lizards
  5 rats
53 creatures vanquished.

Notes
Turn   | Place    | Note
-------+----------+-------------------------------------------
     0 | D:1      | Gadfly the Merfolk Monk began the quest for the Orb.
     0 | D:1      | Reached XP level 1. HP: 18/18 MP: 1/1
   156 | D:1      | Reached XP level 2. HP: 13/24 MP: 2/2
   482 | D:1      | Noticed a glass eye
   483 | D:1      | Found a faded altar of an unknown god.
   487 | D:1      | Noticed a great orb of eyes
   493 | D:1      | Noticed an eye of devastation
   493 | D:1      | Noticed a golden eye
   555 | D:1      | Reached skill level 1 in Invocations
   555 | D:1      | Reached skill level 1 in Shapeshifting
  1082 | D:2      | Reached skill level 1 in Evocations
  1082 | D:2      | Reached XP level 3. HP: 29/29 MP: 3/3
  1335 | D:2      | Reached XP level 4. HP: 35/35 MP: 5/5
  2138 | D:3      | Found Suxuw's Book Emporium.
  2150 | D:3      | Gained mutation: You are frail. (-10% HP) [potion of
                  | mutation]
  2150 | D:3      | Gained mutation: You are vulnerable to cold. (rC-) [potion
                  | of mutation]
  2150 | D:3      | Gained mutation: You are partially covered in iridescent
                  | scales. (AC +2) [potion of mutation]
  2150 | D:3      | Gained mutation: You have an increased reservoir of magic.
                  | (+10% MP) [potion of mutation]
  2375 | D:4      | Slain by an iguana

Illustrated notes

Levels and vault maps discovered:
D:1:      dpeg_arrival_round_b, layout_basic,
          hellmonk_ecumenical_altar_watching_god
D:2:      layout_loops_ring, minmay_quadrilaterals
D:3:      layout_loops_ring, serial_shops, shop_statue
D:4:      layout_loops_cross, pdpol_wu_jian_five_deadly_venoms,
          nicolae_shop_i_like_big_books, minmay_misc_feat_iff

Skill      XL: |  1  2  3  4 |
---------------+-------------+-----
Invocations    | 1 2 |  2.0
Shapeshifting  | 1 |  1.7
Evocations     | 1 |  1.6
Unarmed Combat | 4 |  4.0
Fighting       | |  3.6
Dodging        | |  4.4

Action                     |  1- 3 |  4- 6 || total
---------------------------+-------+-------++-------
  Melee: Unarmed           |   139 |       ||   139
         Punch             |     3 |     1 ||     4
         Spear             |     2 |    52 ||    54
    Use: Scroll            |     4 |     7 ||    11
         Potion            |       |     1 ||     1
   Stab: Sleeping          |     1 |     1 ||     2
         Distracted        |       |     1 ||     1
 Armour: Robe              |    59 |    17 ||    76
  Dodge: Dodged            |   107 |    38 ||   145
